 Dungeon Crawl Stone Soup version 0.30-a0-49-g1cef19eb02 (webtiles) character file.

Game seed: 15036810265801865300

351 tatocazan the Trooper (level 6, -2/49 HPs)
             Began as a Demonspawn Fighter on Sept 2, 2022.
             Slain by an ogre
             ... wielding a +0 giant club
              (8 damage)
             ... on level 4 of the Dungeon.
             The game lasted 00:05:11 (3579 turns).

tatocazan the Trooper (Demonspawn Fighter)          Turns: 3579, Time: 00:05:12

Health: -2/49      AC: 13    Str: 19    XL:     6   Next: 34%
Magic:  6/6        EV:  9    Int:  9    God:
Gold:   66         SH:  5    Dex: 12    Spells: 5/5 levels left

rFire   . . .      SeeInvis .    a - +0 war axe
rCold   . . .      Faith    .    c - +0 buckler
rNeg    . . .      Spirit   .    b - +0 scale mail
rPois   .          Reflect  .    n - +0 helmet
rElec   .          Harm     .    (no cloak)
rCorr   .          Rampage  .    x - +2 pair of gloves
Will    .....                    o - +1 pair of boots
Stlth   ..........               (no amulet)
HPRegen 0.16/turn                (no ring)
MPRegen 0.10/turn                (no ring)

@: no status effects
A: hooves 1, powered by death 2
a: no special abilities


You were on level 4 of the Dungeon.
You visited 1 branch of the dungeon, and saw 4 of its levels.

You collected 231 gold pieces.
You spent 165 gold pieces at shops.

Inventory:

Hand Weapons
 a - a +0 war axe (weapon)
Missiles
 r - 6 poisoned darts (quivered)
 u - a throwing net
Armour
 b - a +0 scale mail (worn)
 c - a +0 buckler (worn)
 f - a +0 pair of gloves
 n - a +0 helmet (worn)
 o - a +1 pair of boots (worn)
 x - a +2 pair of gloves (worn)
Wands
 p - a wand of paralysis (3)
Scrolls
 e - a scroll of teleportation {unknown}
 h - 5 scrolls of identify {unknown}
 i - a scroll of fear {unknown}
 m - 2 scrolls of fog {unknown}
 q - a scroll of amnesia {unknown}
 t - a scroll of silence {unknown}
 w - a scroll of immolation {unknown}
Potions
 d - 2 potions of might
 g - 3 potions of attraction {unknown}
 j - a potion of heal wounds {unknown}
 k - a potion of haste {unknown}
 l - 3 potions of lignification {unknown}
 s - a potion of magic {unknown}
 v - a potion of degeneration {unknown}


   Skills:
 + Level 4.3 Fighting
 + Level 3.3 Axes
 + Level 4.0 Armour
 + Level 4.0 Shields


You had 5 spell levels left.
You didn't know any spells.
Your spell library contained the following spells:

 Spells                   Type           Power      Damage    Failure   Level
 Summon Guardian Golem    Hex/Summ       0%         N/A       99%         3
 Orb of Destruction       Conj           0%         9d5       100%        7
 Spellforged Servitor     Conj/Summ      0%         N/A       100%        7


Dungeon Overview and Level Annotations

Branches:
Dungeon (4/15)
 Temple: D:4-7

Altars:

Shops:
D:4 [:[=


Innate Abilities, Weirdness & Mutations

You have large cloven feet.
You regenerate health from kills.


Message History

You slash the endoplasm!
You kill the endoplasm!
No target in view!
No target in view!
No target in view!
No target in view!
No target in view!
No target in view!
No target in view!
No target in view!
Found a whip.
There is an entrance to Haneng's Armour Emporium here.
x - a +2 pair of gloves Thank you for shopping at Haneng's Armour Emporium!
You start removing your armour.
You continue taking off your +0 pair of gloves. x2
Keep disrobing? [Y]es or [N]o only, please.
Keep disrobing? [Y]es or [N]o only, please.
Keep disrobing? [Y]es or [N]o only, please.
Keep disrobing?
You continue taking off your +0 pair of gloves. x2
You finish taking off your +0 pair of gloves.
You start putting on your armour.
You continue putting on your +2 pair of gloves. x4
The ogre hits you with a +0 giant club!
You finish putting on your +2 pair of gloves.
You take 17 damage, and have 32/49 hp.
MASSIVE DAMAGE!!
You slash the ogre!
The ogre is heavily wounded.
The ogre hits you with a +0 giant club!!
Ouch! That really hurt!
* * * LOW HITPOINT WARNING * * *
You take 26 damage, and have 6/49 hp.
MASSIVE DAMAGE!!
You hit the ogre but do no damage.
The ogre is heavily wounded.
The ogre hits you with a +0 giant club!
You die...

#.... # #. ..#.#######
.#. #.##.#.......#
..?##.#..#.#####.##
#..#.#..#†.$..#..#
#...........#.##.######
##...8...8.........#...#
.......O......##.#..>..#
.....<.@.>....##.##....#
.......................'
#....8.).8.......###...#
#............##### #.#.#
#............# #..∩.
#.........)..# #.#.#
#...........)# ###..
#...$....##### ##.
###...### ##


You could see an ogre.

Vanquished Creatures
  An ogre (D:4)
  A scorpion (D:4)
  A hound (D:4)
  Ijyb (D:3)
  3 adders (D:3)
  2 gnolls
  2 worms (D:2)
  4 dart slugs
  An orc (D:3)
  7 ball pythons
  18 endoplasms
  9 giant cockroaches
  8 goblins
  10 hobgoblins
  4 jackals (D:1)
  A quokka (D:1)
  5 bats
  3 frilled lizards (D:1)
  7 kobolds
  8 rats
96 creatures vanquished.

Notes
Turn   | Place    | Note
-------+----------+-------------------------------------------
     0 | D:1      | tatocazan the Demonspawn Fighter began the quest for the
                  | Orb.
     0 | D:1      | Reached XP level 1. HP: 18/18 MP: 1/1
    76 | D:1      | Found a large runed translucent door.
    76 | D:1      | Found a large runed translucent door.
    92 | D:1      | Gained mutation: You regenerate a little health from kills.
                  | [demonic ancestry]
    92 | D:1      | Reached XP level 2. HP: 23/24 MP: 2/2
   115 | D:1      | Reached XP level 3. HP: 29/29 MP: 3/3
   853 | D:1      | Gained mutation: You regenerate health from kills. [demonic
                  | ancestry]
   853 | D:1      | Reached XP level 4. HP: 35/35 MP: 4/4
  2356 | D:3      | Noticed Ijyb
  2367 | D:3      | Paralysed by Ijyb for 5 turns
  2381 | D:3      | Killed Ijyb
  2382 | D:3      | Gained mutation: You have large cloven feet. [demonic
                  | ancestry]
  2382 | D:3      | Reached XP level 5. HP: 31/42 MP: 5/5
  2698 | D:3      | Found a faded altar of an unknown god.
  2844 | D:4      | Found Jehuq's Jewellery Shoppe.
  2983 | D:4      | Found Evohup's Book Boutique.
  2997 | D:4      | Noticed an ogre
  3006 | D:4      | Killed an ogre
  3173 | D:4      | Reached XP level 6. HP: 43/48 MP: 6/6
  3402 | D:4      | Found Rush's Armour Shoppe.
  3548 | D:4      | Found Haneng's Armour Emporium.
  3568 | D:4      | Bought a +2 pair of gloves for 165 gold pieces
  3579 | D:4      | Slain by an ogre

Illustrated notes

Levels and vault maps discovered:
D:1:      erik_arrival_cave_to_civilisation [erik_arrival_cave_to_temple],
          layout_basic
D:2:      layout_basic
D:3:      layout_basic, ebering_ecumenical_altar_rust, minmay_surrounded,
          uniq_ijyb
D:4:      layout_basic, serial_shops, nicolae_shop_crystal, shop,
          nicolae_inconvenience_store, nicolae_stop_n_shop_2, st_stairs_3,
          minmay_puff

Skill      XL: |  1  2  3  4  5  6 |
---------------+-------------------+-----
Axes           | 2 3 |  3.3
Shields        | 3 4 |  4.0
Armour         | 3 4 |  4.0
Fighting       | 4 |  4.3

Action                   |  1- 3 |  4- 6 || total
-------------------------+-------+-------++-------
Melee: War axe           |    94 |   145 ||   239
Armor: Scale mail        |    56 |    60 ||   116
Dodge: Dodged            |    59 |    53 ||   112
Block: Buckler           |    28 |    22 ||    50

Table legend: (Time is in decaauts)
 A = Elapsed time spent in this place.
 B = Non-inter-level travel time spent in this place.
 C = Inter-level travel time spent in this place.
 D = Time resting spent in this place.
 E = Time spent auto-exploring this place.
 F = Levels seen in this place.
 G = Mean time per level.
                   A        B        C        D        E       F      G
               +--------+--------+--------+--------+--------+-----+--------+
         Total |   3677 |   3596 |     81 |     90 |   2836 |   4 |  919.2 |
       Dungeon |   3677 |   3596 |     81 |     90 |   2836 |   4 |  919.2 |
               +--------+--------+--------+--------+--------+-----+--------+

Top non-repeatable levels by time:
     D:1: 1221 daAuts
     D:2: 883 daAuts
     D:3: 805 daAuts
     D:4: 766 daAuts
